 Dungeon Crawl Stone Soup version 0.27.1-34-g3ba077fa99 (webtiles) character file.

Game seed: 5637767302989810847

116 mcbry74 the Ruffian (level 4, -4/44 HPs)
             Began as a Troll Berserker on Jan 25, 2022.
             Was a Believer of Trog.
             Slain by an iron imp (5 damage)
             ... summoned by Natasha
             ... on level 3 of the Dungeon.
             The game lasted 00:03:38 (1712 turns).

mcbry74 the Ruffian (Troll Berserker)               Turns: 1712, Time: 00:03:41

Health: -4/44      AC:  4    Str: 25    XL:     4   Next: 70%
Magic:  3/3        EV: 10    Int:  4    God:    Trog [**....]
Gold:   93         SH:  0    Dex:  9    Spells: 3/3 levels left

rFire    . . .     SeeInvis .     - Unarmed
rCold    . . .     Faith    .   (no shield)
rNeg     . . .     Spirit   .   a - +0 animal skin
rPois    .         Reflect  .   (helmet restricted)
rElec    .         Harm     .   (no cloak)
rCorr    .         Rampage  .   (gloves unavailable)
Will     .....                  (boots unavailable)
Stlth    +.........             (no amulet)
HPRegen  1.14/turn              (no ring)
MPRegen  0.08/turn              (no ring)

@: no status effects
A: large, unfitting armour, claws 3, regeneration 1, shaggy fur 1, tough skin 1
a: Renounce Religion, Berserk, Trog's Hand


You were on level 3 of the Dungeon.
You worshipped Trog.
Trog was pleased with you.
You visited 1 branch of the dungeon, and saw 3 of its levels.

You collected 93 gold pieces.

Inventory:

Missiles
 e - 32 poisoned darts (quivered)
Armour
 a - a +0 animal skin (worn)
Scrolls
 b - a scroll of identify {unknown}
 c - a scroll of brand weapon {unknown}
 d - a scroll of noise {unknown}
 f - a scroll of fog {unknown}


   Skills:
 - Level 2.4 Fighting
 - Level 2.4 Dodging
 + Level 5.5 Unarmed Combat


You had 3 spell levels left.
You didn't know any spells.
Your spell library was empty.

Dungeon Overview and Level Annotations

Branches:
Dungeon (3/15)

Altars:

Annotations:
D:3 Natasha


Innate Abilities, Weirdness & Mutations

You are too large for most types of armour.
You have claws for hands.
Your natural rate of healing is unusually fast.
You are covered in fur. (AC +1)
You have tough skin. (AC +1)


Message History

Natasha hisses angrily.
Natasha casts a spell.
Natasha claws you.
You barely miss Natasha. Natasha claws you!
You barely miss the iron imp. Natasha claws you.
The iron imp closely misses you.
You barely miss the iron imp.
Natasha casts a spell.
The iron imp hits you.
You barely miss Natasha.
Natasha howls an incantation.
You feel troubled. Natasha barely misses you.
You closely miss Natasha. The white imp completely misses you.
The iron imp hits you. Natasha claws you.
You scratch Natasha.
Natasha is heavily wounded.
The white imp hits you. The white imp freezes you.
The iron imp barely misses you.
You barely miss Natasha.
Natasha is heavily wounded.
Natasha claws you but does no damage. The white imp hits you.
The white imp freezes you.
You scratch Natasha.
Natasha is heavily wounded.
Natasha closely misses you. The iron imp hits you.
The white imp barely misses you.
You closely miss Natasha.
Natasha is heavily wounded.
Natasha barely misses you. The white imp gestures at you.
The puff of frost hits you! The iron imp hits you!
* * * LOW HITPOINT WARNING * * *
You closely miss Natasha.
Natasha is heavily wounded.
Natasha zaps a wand.
The puff of flame hits you!
* * * LOW HITPOINT WARNING * * *
The white imp hits you but does no damage.
The iron imp hits you.
You die...

#.###########.#..##.#.#
#.###########.........#
#................##.###
######.........>....##
#.#####.##......# #.#
##.###.##.# #.#
##.#.###.# ######.###
##.## #.# #....5@..#
### #.# #.###5h..# #.#
#...#.# #.# ##.#..# #.#
#. #.#### #.# #.
......######.# #.
.......<.....# #.
.#####.#.###.# #.#.#
#.#


You could see an iron imp (summoned), Natasha and a white imp (summoned).

Vanquished Creatures
  Natasha (twice) (D:3)
  2 dart slugs (D:1)
  An orc (D:3)
  8 bats
  6 endoplasms
  5 giant cockroaches
  6 goblins
  9 hobgoblins
  A quokka (D:2)
  3 ball pythons
  5 frilled lizards
  5 kobolds
  4 rats
57 creatures vanquished.

Notes
Turn   | Place    | Note
-------+----------+-------------------------------------------
     0 | D:1      | mcbry74 the Troll Berserker began the quest for the Orb.
     0 | D:1      | Reached XP level 1. HP: 22/22 MP: 0/0
   114 | D:1      | Reached XP level 2. HP: 29/29 MP: 1/1
   287 | D:1      | Reached skill level 4 in Unarmed Combat
   520 | D:1      | Reached XP level 3. HP: 36/36 MP: 2/2
  1019 | D:2      | Reached ** piety under Trog
  1498 | D:3      | Noticed Natasha
  1510 | D:3      | Killed Natasha
  1511 | D:3      | Reached skill level 5 in Unarmed Combat
  1511 | D:3      | Reached XP level 4. HP: 40/44 MP: 3/3
  1617 | D:3      | Noticed Natasha
  1624 | D:3      | Killed Natasha
  1698 | D:3      | Noticed Natasha
  1712 | D:3      | HP: 1/44 [Natasha/puff of flame (7)]
  1712 | D:3      | Slain by an iron imp

Illustrated notes

Levels and vault maps discovered:
D:1:      dpeg_arrival_renting, layout_basic, minmay_misc_feat_iff, minivault_4,
          minmay_indecisive_spiral
D:2:      layout_rooms, minmay_goblin_outpost
D:3:      layout_loops_ring, nzn_wu_jian_council_hall, uniq_sigmund,
          uniq_natasha

Skill      XL: |  1  2  3 |
---------------+----------+-----
Unarmed Combat | 4 5 |  5.5
Fighting       | |  2.4
Dodging        | |  2.4

Action                   |  1- 3 |  4- 6 || total
-------------------------+-------+-------++-------
Melee: Unarmed           |   135 |    30 ||   165
       Punch             |       |     1 ||     1
Armor: Animal skin       |    60 |    10 ||    70
Dodge: Dodged            |    84 |    20 ||   104
